[Event "2024 Mary Thomson Cup (Division A)"]
[Site "Woodvale, Perth WA AUS"]
[Date "2024.02.21"]
[Round "4"]
[White "Plaganyi, Gyula"]
[Black "Saxon, Marc"]
[Result "0-1"]
[ECO "D94"]
[WhiteElo "2053"]
[WhiteTitle "CM"]
[BlackElo "2034"]
[PlyCount "56"]
[EventDate "2024.01.31"]
[EventType "tourn"]
[EventRounds "7"]
[EventCountry "AUS"]
[TimeControl "3600+30"]

1. d4 Nf6 2. c4 g6 3. Nf3 Bg7 4. Nc3 d5 5. e3 O-O 6. cxd5 Nxd5 7. Bc4 Nxc3 8.
bxc3 c5 9. O-O Nc6 10. Ba3 cxd4 11. cxd4 Qa5 12. Qc1 Bg4 13. Nd2 Rac8 14. Rb1
Qc7 15. Qb2 Bf5 16. Rbc1 Rfd8 17. h3 Qd7 18. Nb3 b6 19. Bb5 e5 20. Rfd1 exd4
21. Nxd4 Qb7 22. Bxc6 Rxc6 23. Rxc6 Qxc6 24. Qc1 Qa4 25. Be7 Re8 26. Nxf5 gxf5
27. Ba3 b5 28. Qb1 Qxa3 0-1

[Event "2024 Mary Thomson Cup (Division B)"]
[Site "Woodvale, Perth WA AUS"]
[Date "2024.02.21"]
[Round "4"]
[White "Deng, Eric"]
[Black "Roebuck, Derek"]
[Result "1-0"]
[ECO "D02"]
[WhiteElo "1733"]
[BlackElo "1781"]
[PlyCount "111"]
[EventDate "2024.01.31"]
[EventType "tourn"]
[EventRounds "7"]
[EventCountry "AUS"]
[TimeControl "3600+30"]

1. Nf3 d5 2. d4 Nf6 3. g3 Bg4 4. Bg2 c6 5. O-O Bxf3 6. Bxf3 e6 7. Nd2 Bd6 8. c4
O-O 9. e4 dxe4 10. Nxe4 Nxe4 11. Bxe4 Nd7 12. b3 Nf6 13. Bg2 Be7 14. Bb2 Qc7
15. Qc2 Rac8 16. Rad1 Rfe8 17. f4 h5 18. h4 Ng4 19. Rde1 Bf6 20. Rf3 c5 21. Rd3
cxd4 22. Bxd4 Bxd4+ 23. Rxd4 b6 24. Rd2 Qc5+ 25. Kh1 Ne3 26. Qe4 Nxg2 27. Kxg2
Rcd8 28. Red1 Qc7 29. Qe3 Kf8 30. Qc3 Rxd2+ 31. Qxd2 Ke7 32. f5 exf5 33. Qg5+
Kf8 34. Qxh5 Qe5 35. Rd2 g6 36. Qh6+ Kg8 37. Qf4 Qxf4 38. gxf4 Re7 39. Kf3 Kg7
40. b4 Re4 41. Rc2 Re7 42. c5 Kf8 43. c6 Rc7 44. b5 Ke7 45. Rd2 f6 46. Ke3 Ke8
47. Rd4 Re7+ 48. Kd3 Re1 49. Rc4 Rd1+ 50. Ke2 Rd8 51. Ke3 Ke7 52. Rd4 Rxd4 53.
Kxd4 Kd6 54. a3 a6 55. a4 axb5 56. axb5 1-0

[Event "2024 Mary Thomson Cup (Division B)"]
[Site "Woodvale, Perth WA AUS"]
[Date "2024.02.21"]
[Round "4"]
[White "Leonhardt, Wolfgang"]
[Black "Gough, Dylan"]
[Result "1/2-1/2"]
[ECO "B00"]
[WhiteElo "1900"]
[BlackElo "1784"]
[PlyCount "50"]
[EventDate "2024.01.31"]
[EventType "tourn"]
[EventRounds "7"]
[EventCountry "AUS"]
[TimeControl "3600+30"]

1. e4 Nc6 2. d4 d5 3. e5 Bf5 4. c3 a6 5. Ne2 h6 6. Ng3 Bh7 7. Nd2 e6 8. f4 Nge7
9. Be2 Qd7 10. b4 Nf5 11. Nxf5 Bxf5 12. Nf3 Be7 13. Be3 Na7 14. a4 Nc8 15. a5
Na7 16. O-O Be4 17. Ra2 c6 18. Nd2 Bh7 19. Nb3 Nb5 20. Qc1 Rg8 21. Nc5 Bxc5 22.
bxc5 Be4 23. Qd2 f6 24. exf6 gxf6 25. g3 Qh7 1/2-1/2

[Event "2024 Mary Thomson Cup (Division B)"]
[Site "Woodvale, Perth WA AUS"]
[Date "2024.02.21"]
[Round "4"]
[White "Janceski, Alex"]
[Black "Balavignan, Ashvin"]
[Result "1/2-1/2"]
[ECO "D10"]
[WhiteElo "1887"]
[BlackElo "1839"]
[PlyCount "92"]
[EventDate "2024.01.31"]
[EventType "tourn"]
[EventRounds "7"]
[EventCountry "AUS"]
[TimeControl "3600+30"]

1. d4 d5 2. c4 c6 3. e3 Nf6 4. h3 e6 5. a3 a5 6. Nf3 Nbd7 7. Nbd2 Bd6 8. b3 O-O
9. Bb2 Re8 10. Be2 Qc7 11. c5 Bf8 12. b4 axb4 13. axb4 Rxa1 14. Bxa1 b6 15. O-O
bxc5 16. dxc5 Bb7 17. Qc2 e5 18. Nb3 Ra8 19. Bc3 g6 20. Qb2 Re8 21. Rd1 Ne4 22.
Be1 Bg7 23. Qc2 Ra8 24. Rc1 Ba6 25. Bxa6 Rxa6 26. Na5 Nef6 27. Qa4 Ne4 28. Nd2
Nexc5 29. Qc2 e4 30. bxc5 Rxa5 31. Nb3 Ra8 32. g3 Ne5 33. Nd4 Nd3 34. Rb1 Nxe1
35. Rxe1 Bxd4 36. exd4 Qa5 37. Rb1 Qa4 38. Qd2 Qc4 39. Kg2 Ra2 40. Qh6 Rxf2+
41. Kg1 Rg2+ 42. Kh1 Rh2+ 43. Kg1 Qxd4+ 44. Kxh2 Qf2+ 45. Kh1 Qf3+ 46. Kh2 Qf2+
1/2-1/2

[Event "2024 Mary Thomson Cup (Division C)"]
[Site "Woodvale, Perth WA AUS"]
[Date "2024.02.21"]
[Round "4"]
[White "Sethuraman, Jaswanth Ram"]
[Black "Hintz, Steven"]
[Result "1-0"]
[ECO "B13"]
[WhiteElo "1557"]
[BlackElo "1581"]
[PlyCount "33"]
[EventDate "2024.01.31"]
[EventType "tourn"]
[EventRounds "7"]
[EventCountry "AUS"]
[TimeControl "3600+30"]

1. e4 c6 2. Nf3 d5 3. exd5 cxd5 4. d4 Nf6 5. Nc3 Bf5 6. Ne5 h5 7. Bf4 a6 8. Bd3
Bxd3 9. Qxd3 Nc6 10. O-O e6 11. Rfe1 Bd6 12. Bg5 Qc7 13. Bxf6 gxf6 14. Nxc6
Qxc6 15. Qf3 Ke7 16. Nxd5+ Kd8 17. Qxf6+ 1-0

[Event "2024 Mary Thomson Cup (Division C)"]
[Site "Woodvale, Perth WA AUS"]
[Date "2024.02.21"]
[Round "4"]
[White "Michael, Ashley"]
[Black "Curtis, Calan"]
[Result "1/2-1/2"]
[ECO "C11"]
[WhiteElo "1560"]
[BlackElo "1628"]
[PlyCount "47"]
[EventDate "2024.01.31"]
[EventType "tourn"]
[EventRounds "7"]
[EventCountry "AUS"]
[TimeControl "3600+30"]

1. e4 e6 2. Nf3 d5 3. Nc3 Nf6 4. e5 Nfd7 5. d4 c5 6. Bg5 Qb6 7. dxc5 Bxc5 8.
Qd2 Bb4 9. a3 Qa5 10. Bd3 Nc6 11. O-O Bxc3 12. bxc3 Ncxe5 13. Nxe5 Nxe5 14.
Rfe1 Nxd3 15. Qxd3 d4 16. Bd2 dxc3 17. Bxc3 Qg5 18. Qd6 Qe7 19. Qd4 f6 20. Bb4
Qd7 21. Qc5 b6 22. Qh5+ Qf7 23. Qf3 Rb8 24. Rad1 1/2-1/2

[Event "2024 Mary Thomson Cup (Division C)"]
[Site "Woodvale, Perth WA AUS"]
[Date "2024.02.21"]
[Round "4"]
[White "Bhatia, Abhay"]
[Black "Akers, Gerard"]
[Result "0-1"]
[ECO "B95"]
[WhiteElo "1730"]
[BlackElo "1643"]
[PlyCount "70"]
[EventDate "2024.01.31"]
[EventType "tourn"]
[EventRounds "7"]
[EventCountry "AUS"]
[TimeControl "3600+30"]

1. e4 c5 2. Nf3 d6 3. d4 cxd4 4. Nxd4 Nf6 5. Nc3 a6 6. Bg5 e6 7. Be2 Nbd7 8.
O-O Be7 9. Re1 Qc7 10. Bf3 Ne5 11. a3 b5 12. h3 Bb7 13. Rb1 Rc8 14. Qe2 O-O 15.
Rec1 Nc4 16. Bd2 Rfe8 17. Qe1 Rcd8 18. Rd1 Bf8 19. Bg5 Be7 20. Kh1 h6 21. Bh4
d5 22. Bg3 Bd6 23. Bh4 Be5 24. exd5 exd5 25. Qf1 Qc5 26. Nb3 Qc7 27. Bxf6 Bxf6
28. Bxd5 Nxb2 29. Bxf7+ Kxf7 30. Rxd8 Rxd8 31. Rxb2 Qxc3 32. Ra2 Qxh3+ 33. Kg1
Qh4 34. c4 Be4 35. g3 Qh1# 0-1

[Event "2024 Mary Thomson Cup (Division C)"]
[Site "Woodvale, Perth WA AUS"]
[Date "2024.02.21"]
[Round "4"]
[White "Oswald, Franz"]
[Black "Browning, Thomas"]
[Result "1-0"]
[ECO "D51"]
[WhiteElo "1693"]
[BlackElo "1644"]
[PlyCount "109"]
[EventDate "2024.01.31"]
[EventType "tourn"]
[EventRounds "7"]
[EventCountry "AUS"]
[TimeControl "3600+30"]

1. d4 d5 2. c4 Nf6 3. Nc3 e6 4. Bg5 Nbd7 5. e3 h6 6. Bh4 c5 7. cxd5 exd5 8.
dxc5 Be7 9. Bb5 O-O 10. Nge2 g5 11. Bg3 Nxc5 12. O-O a6 13. Ba4 Nxa4 14. Qxa4
Bd6 15. Rad1 Bd7 16. Qb3 Bc6 17. Bxd6 Qxd6 18. Nd4 Rfd8 19. Rfe1 Ng4 20. Nf3
Qc7 21. Rd4 Nf6 22. Red1 g4 23. Nh4 Qe5 24. g3 Rd6 25. Qc2 Bd7 26. Qd2 Re6 27.
Rf4 Re7 28. Qd4 Qxd4 29. Rfxd4 Bc6 30. Nf5 Rc7 31. Nxh6+ Kh7 32. Nf5 Kg6 33.
Nh4+ Kg5 34. Ng2 Rd8 35. Nf4 Rcd7 36. Nd3 b6 37. Ne5 Rc7 38. Nxc6 Rxc6 39. e4
Rc5 40. exd5 b5 41. a3 a5 42. d6 Rd7 43. Ne4+ Nxe4 44. Rxe4 Rc2 45. Re5+ Kf6
46. Rxb5 a4 47. Rb4 Ke6 48. Rxa4 Rxb2 49. Re4+ Kf6 50. Rxg4 Ke6 51. Re4+ Kf6
52. Re3 Ra2 53. Rd4 Kg7 54. Kg2 f5 55. Re7+ 1-0

[Event "2024 Mary Thomson Cup (Division D)"]
[Site "Woodvale, Perth WA AUS"]
[Date "2024.02.21"]
[Round "4"]
[White "Hounsome, David"]
[Black "Nauom, Rafik"]
[Result "0-1"]
[ECO "A01"]
[WhiteElo "1406"]
[BlackElo "1445"]
[PlyCount "64"]
[EventDate "2024.01.31"]
[EventType "tourn"]
[EventRounds "7"]
[EventCountry "AUS"]
[TimeControl "3600+30"]

1. b3 d6 2. Bb2 Nc6 3. e3 Bf5 4. d4 Nb4 5. Bd3 Qd7 6. a3 Nxd3+ 7. cxd3 Qc6 8.
Nf3 Bg4 9. Nbd2 d5 10. Rc1 Qd6 11. O-O h5 12. Re1 h4 13. e4 e6 14. e5 Qe7 15.
Nf1 Bh5 16. Qe2 g5 17. h3 g4 18. hxg4 Bxg4 19. N1h2 Bh5 20. Rc2 Bh6 21. Bc1 c6
22. Bxh6 Nxh6 23. Qe3 Qf8 24. Nxh4 Qg7 25. f4 O-O-O 26. Rf1 Ng4 27. Nxg4 Bxg4
28. g3 Rxh4 29. gxh4 Bh3+ 30. Kh2 Bxf1 31. Rf2 Rg8 32. Qf3 Qg1# 0-1

[Event "2024 Mary Thomson Cup (Division D)"]
[Site "Woodvale, Perth WA AUS"]
[Date "2024.02.21"]
[Round "4"]
[White "Walker, Colin"]
[Black "Knight, Charles"]
[Result "0-1"]
[ECO "B08"]
[WhiteElo "1429"]
[BlackElo "1474"]
[PlyCount "50"]
[EventDate "2024.01.31"]
[EventType "tourn"]
[EventRounds "7"]
[EventCountry "AUS"]
[TimeControl "3600+30"]

1. d4 g6 2. e4 Bg7 3. Nf3 d6 4. h3 Nf6 5. Nc3 O-O 6. Bf4 Nh5 7. Bh2 Nc6 8. a3
e5 9. d5 Nd4 10. Bd3 Re8 11. O-O f5 12. Be2 Nxe2+ 13. Qxe2 f4 14. Qe1 g5 15. g4
fxg3 16. fxg3 Bxh3 17. Rf2 Rf8 18. Nd2 Qd7 19. Qe2 Rxf2 20. Kxf2 Rf8+ 21. Kg1
Nf6 22. Nf1 Ng4 23. Qd3 Rf2 24. Re1 Rg2+ 25. Kh1 Nf2# 0-1

[Event "2024 Mary Thomson Cup (Division D)"]
[Site "Woodvale, Perth WA AUS"]
[Date "2024.02.21"]
[Round "4"]
[White "Weijermars, Tristan"]
[Black "Boswarva, Ernest"]
[Result "1-0"]
[ECO "D52"]
[WhiteElo "1515"]
[BlackElo "1497"]
[PlyCount "49"]
[EventDate "2024.01.31"]
[EventType "tourn"]
[EventRounds "7"]
[EventCountry "AUS"]
[TimeControl "3600+30"]

1. d4 d5 2. c4 c6 3. Nc3 Nf6 4. Nf3 e6 5. Bg5 Nbd7 6. e3 Qa5 7. Nd2 dxc4 8.
Bxf6 Nxf6 9. Bxc4 Bb4 10. Qc2 O-O 11. Nb3 Qg5 12. O-O Bd6 13. Ne4 Bxh2+ 14.
Kxh2 Qh4+ 15. Kg1 Ng4 16. Rfe1 Qh2+ 17. Kf1 Qh1+ 18. Ke2 Qxg2 19. Rg1 Qh3 20.
Rh1 Nh2 21. Kd2 Nf3+ 22. Kc3 Qf5 23. Bd3 h6 24. Ned2 Nxd2 25. Bxf5 1-0

[Event "2024 Mary Thomson Cup (Division E)"]
[Site "Woodvale, Perth WA AUS"]
[Date "2024.02.21"]
[Round "4"]
[White "Markou, Victor"]
[Black "Otis, Max"]
[Result "0-1"]
[ECO "B10"]
[WhiteElo "1004"]
[BlackElo "1348"]
[PlyCount "44"]
[EventDate "2024.01.31"]
[EventType "swiss"]
[EventRounds "7"]
[EventCountry "AUS"]
[TimeControl "3600+30"]

1. e4 c6 2. Nf3 d5 3. exd5 cxd5 4. g3 Bg4 5. Bg2 e6 6. O-O Nc6 7. Re1 Bc5 8. c3
b5 9. b4 Bb6 10. Qe2 a6 11. d3 Nge7 12. Qc2 Rc8 13. Ne5 Nxe5 14. Rxe5 O-O 15.
h3 Bf5 16. g4 Nc6 17. Re1 Nxb4 18. Qe2 Nxd3 19. gxf5 Bxf2+ 20. Kf1 Bxe1 21.
Qxd3 Qh4 22. Nd2 Qf2# 0-1

[Event "2024 Mary Thomson Cup (Division E)"]
[Site "Woodvale, Perth WA AUS"]
[Date "2024.02.21"]
[Round "4"]
[White "Young, Manfred"]
[Black "Powell, Darren"]
[Result "0-1"]
[ECO "E61"]
[WhiteElo "1205"]
[BlackElo "1303"]
[PlyCount "93"]
[EventDate "2024.01.31"]
[EventType "swiss"]
[EventRounds "7"]
[EventCountry "AUS"]
[TimeControl "3600+30"]

1. d4 Nf6 2. c4 g6 3. Nc3 Bg7 4. Nf3 h6 5. e4 O-O 6. h3 c6 7. Bd3 d6 8. O-O
Nbd7 9. Qb3 e5 10. Ne2 b6 11. Be3 Nh7 12. dxe5 dxe5 13. Rad1 Qc7 14. Nc3 Bb7
15. Qc2 Rad8 16. b4 Qb8 17. Nh2 Ndf6 18. f3 Bc8 19. Ng4 Nxg4 20. fxg4 Be6 21.
Be2 Qc7 22. c5 b5 23. a3 a5 24. Na2 a4 25. Qb2 Rxd1 26. Rxd1 Qe7 27. Bf2 Kh8
28. Nc1 f5 29. exf5 gxf5 30. Rd6 Bd5 31. Nd3 e4 32. Nf4 Rf6 33. Rxf6 Qxf6 34.
Qxf6 Nxf6 35. Ng6+ Kh7 36. Ne7 fxg4 37. Bxg4 Nxg4 38. Nxd5 Nxf2 39. Kxf2 cxd5
40. Ke2 Be5 41. g4 Kg6 42. h4 d4 43. Kd2 Bf4+ 44. Kd1 d3 45. Ke1 e3 46. Kd1 e2+
47. Ke1 0-1

[Event "2024 Mary Thomson Cup (Division E)"]
[Site "Woodvale, Perth WA AUS"]
[Date "2024.02.21"]
[Round "4"]
[White "Gough, Sebastian"]
[Black "May, Wendy"]
[Result "1-0"]
[ECO "D00"]
[WhiteElo "1206"]
[BlackElo "899"]
[PlyCount "93"]
[EventDate "2024.01.31"]
[EventType "swiss"]
[EventRounds "7"]
[EventCountry "AUS"]
[TimeControl "3600+30"]

1. d4 d5 2. e3 Nc6 3. Bd3 e5 4. dxe5 Nxe5 5. f4 Nxd3+ 6. cxd3 d4 7. Qa4+ Qd7 8.
Qxd4 Qe7 9. Qe4 Nf6 10. Qxe7+ Bxe7 11. h3 Bb4+ 12. Bd2 Bd6 13. e4 Bc5 14. Nf3
O-O 15. Nc3 c6 16. e5 Nh5 17. d4 Ng3 18. Rg1 Bb4 19. Kf2 Bxc3 20. Bxc3 Ne4+ 21.
Ke3 Bf5 22. g4 Nxc3 23. bxc3 Rad8 24. gxf5 b5 25. Rac1 a5 26. a3 Rfe8 27. Rgd1
a4 28. Ke4 f6 29. e6 Rd5 30. Rb1 Kf8 31. Rdc1 Ke7 32. c4 bxc4 33. Rxc4 Kd6 34.
Rxa4 g6 35. Nh4 gxf5+ 36. Nxf5+ Kxe6 37. Ng7+ Kf7+ 38. Nxe8 Kxe8 39. Ra8+ Ke7
40. Ra7+ Ke6 41. Ra6 f5+ 42. Ke3 Kd6 43. Rc1 Kc7 44. Rcxc6+ Kb8 45. Rd6 Rxd6
46. Rxd6 Kc7 47. Rh6 1-0

[Event "2024 Mary Thomson Cup (Division E)"]
[Site "Woodvale, Perth WA AUS"]
[Date "2024.02.21"]
[Round "4"]
[White "Porteus, Grant"]
[Black "Frankland, David"]
[Result "1-0"]
[ECO "E14"]
[WhiteElo "1184"]
[BlackElo "1174"]
[PlyCount "129"]
[EventDate "2024.01.31"]
[EventType "swiss"]
[EventRounds "7"]
[EventCountry "AUS"]
[TimeControl "3600+30"]

1. d4 e6 2. c4 Bb4+ 3. Bd2 Bxd2+ 4. Nxd2 b6 5. Ngf3 Bb7 6. e3 Nf6 7. Bd3 h6 8.
Qb3 Bxf3 9. Nxf3 Nc6 10. d5 Na5 11. Qb4 exd5 12. c5 Qe7 13. Qf4 Rc8 14. b4 Nc6
15. Ba6 g5 16. Qf5 Rd8 17. b5 Nb4 18. c6 Nxa6 19. bxa6 dxc6 20. Nd4 Rd6 21. O-O
Qe4 22. Qc8+ Rd8 23. Qxc7 O-O 24. Nxc6 Rd7 25. Qe5 Qxe5 26. Nxe5 Rc7 27. Rfc1
Rxc1+ 28. Rxc1 Re8 29. Nc6 Ra8 30. Rd1 Kf8 31. f3 h5 32. Nb4 Rd8 33. e4 d4 34.
Nc6 Rd7 35. Kf2 g4 36. Kg3 d3 37. Ne5 Re7 38. Nxd3 Rd7 39. Kh4 Rd4 40. Nf2 Rxd1
41. Nxd1 gxf3 42. gxf3 Kg7 43. e5 Nd5 44. Kxh5 Nf4+ 45. Kg4 Ne6 46. Ne3 b5 47.
f4 Nd4 48. h4 Kg6 49. f5+ Kh6 50. Nd5 Nc6 51. Kf4 Kh5 52. Ke4 Kxh4 53. Nc7 b4
54. e6 fxe6 55. fxe6 Kg5 56. Nd5 Kg6 57. Nc7 Kf6 58. Kd5 Ne7+ 59. Kd6 Nc8+ 60.
Kc6 Ke7 61. Kb7 Kd8 62. Nb5 Ne7 63. Nxa7 Nd5 64. Nc6+ Ke8 65. a7 1-0

[Event "2024 Mary Thomson Cup (Division E)"]
[Site "Woodvale, Perth WA AUS"]
[Date "2024.02.21"]
[Round "4"]
[White "Herbst, Michael"]
[Black "Bordas, Lindsay"]
[Result "1-0"]
[ECO "D00"]
[WhiteElo "879"]
[BlackElo "1164"]
[PlyCount "71"]
[EventDate "2024.01.31"]
[EventType "swiss"]
[EventRounds "7"]
[EventCountry "AUS"]
[TimeControl "3600+30"]

1. d4 e6 2. Nc3 d5 3. Bf4 c5 4. e3 cxd4 5. exd4 Bd6 6. Bxd6 Qxd6 7. Nf3 Nd7 8.
Bd3 Ngf6 9. O-O O-O 10. Re1 Re8 11. Ne5 Ne4 12. Nxe4 dxe4 13. Bxe4 Nf6 14. Bf3
Rd8 15. c3 Rb8 16. Qd3 b5 17. Nc6 Bb7 18. Nxd8 Bxf3 19. Nxf7 Kxf7 20. Qxf3 Kg8
21. Qe2 Re8 22. Qxb5 Rb8 23. Qe5 Qd8 24. Qxe6+ Kh8 25. Qe7 Qg8 26. b3 Nd5 27.
Qe6 Qd8 28. c4 Nf4 29. Qe4 Ng6 30. Re3 Qg8 31. d5 Rf8 32. Qe6 Qxe6 33. Rxe6 Nf4
34. Re7 h6 35. Rxa7 Ne2+ 36. Kf1 1-0

[Event "2024 Mary Thomson Cup (Division A)"]
[Site "Woodvale, Perth WA AUS"]
[Date "2024.02.28"]
[Round "5"]
[White "Saxon, Marc"]
[Black "Elkington, Derek"]
[Result "0-1"]
[ECO "B40"]
[WhiteElo "2034"]
[BlackElo "1896"]
[PlyCount "80"]
[EventDate "2024.01.31"]
[EventType "tourn"]
[EventRounds "7"]
[EventCountry "AUS"]
[TimeControl "3600+30"]

1. e4 c5 2. Nf3 e6 3. d4 cxd4 4. Nxd4 Qb6 5. Nb3 Qc7 6. Bd3 Nc6 7. O-O Nf6 8.
f4 d6 9. c4 Nb4 10. Nc3 Nxd3 11. Qxd3 a6 12. Be3 Bd7 13. Kh1 Rc8 14. Nd2 Be7
15. Bd4 Bc6 16. Qg3 O-O 17. Rae1 Rfd8 18. Nb3 b5 19. cxb5 axb5 20. e5 Nh5 21.
Qg4 g6 22. f5 exf5 23. Rxf5 Ng7 24. Rf2 b4 25. Ne4 dxe5 26. Ng5 f6 27. Be3 fxg5
28. Bxg5 Bxg5 29. Qxg5 Ne6 30. Qg4 Nf4 31. Nc5 Bxg2+ 32. Rxg2 Qxc5 33. Rg3 Qd5+
34. Kg1 Qd4+ 35. Kh1 Rc2 36. Qf3 Qd5 37. Qxd5+ Rxd5 38. Rb3 Rdd2 39. Rxb4 Rxh2+
40. Kg1 Rcg2+ 0-1

[Event "2024 Mary Thomson Cup (Division A)"]
[Site "Woodvale, Perth WA AUS"]
[Date "2024.02.28"]
[Round "5"]
[White "Gibson, Jacob"]
[Black "Plaganyi, Gyula"]
[Result "1-0"]
[ECO "B07"]
[WhiteElo "1976"]
[BlackElo "2053"]
[BlackTitle "CM"]
[PlyCount "57"]
[EventDate "2024.01.31"]
[EventType "tourn"]
[EventRounds "7"]
[EventCountry "AUS"]
[TimeControl "3600+30"]

1. e4 d6 2. d4 g6 3. Nc3 Bg7 4. Be3 Nf6 5. Be2 a6 6. f4 b5 7. e5 Nfd7 8. Bf3 c6
9. Nge2 Bb7 10. O-O Nb6 11. b3 N8d7 12. Ne4 Qc7 13. Rc1 Rd8 14. Qe1 Nd5 15. Bd2
dxe5 16. fxe5 Qb8 17. c4 Nc7 18. Bb4 Ne6 19. Qh4 c5 20. Ba5 Rc8 21. d5 Nd4 22.
Nxd4 cxd4 23. d6 Bf8 24. Bc7 Rxc7 25. dxc7 Qxc7 26. e6 fxe6 27. cxb5 Qb6 28.
Ng3 Bxf3 29. Rc8+ 1-0

[Event "2024 Mary Thomson Cup (Division A)"]
[Site "Woodvale, Perth WA AUS"]
[Date "2024.02.28"]
[Round "5"]
[White "Clarke, Daniel"]
[Black "Maris, Rob"]
[Result "0-1"]
[ECO "B58"]
[WhiteElo "1922"]
[BlackElo "2089"]
[PlyCount "102"]
[EventDate "2024.01.31"]
[EventType "tourn"]
[EventRounds "7"]
[EventCountry "AUS"]
[TimeControl "3600+30"]

1. e4 c5 2. Nf3 Nc6 3. d4 cxd4 4. Nxd4 Nf6 5. Nc3 d6 6. Be2 Nxd4 7. Qxd4 g6 8.
Bg5 Bg7 9. Qd2 a6 10. Bh6 Bxh6 11. Qxh6 Qb6 12. O-O-O Be6 13. e5 dxe5 14. Kb1
Nd7 15. Bf3 O-O-O 16. Bd5 Bf5 17. f3 e6 18. Bb3 g5 19. g4 Bg6 20. Qxg5 h6 21.
Qd2 Qc7 22. Qd6 Nf6 23. Qxc7+ Kxc7 24. Rhe1 Rxd1+ 25. Rxd1 e4 26. Nxe4 Bxe4 27.
fxe4 Nxg4 28. h3 Nf2 29. Rf1 Rg8 30. Kc1 Rg2 31. Bc4 Kd6 32. Bd3 Ke5 33. Re1
Nxh3 34. Rh1 Rg1+ 35. Rxg1 Nxg1 36. Kd2 Kf4 37. Ke1 Ke3 38. e5 Nf3+ 39. Kf1
Nxe5 40. Bh7 Nf3 41. Bd3 e5 42. Bf5 a5 43. c3 Kd2 44. c4 b6 45. Kf2 Ng5 46. b3
e4 47. Bg4 e3+ 48. Kf1 Ne4 49. Bf3 Ng3+ 50. Kg2 e2 51. Bxe2 Nxe2 0-1

[Event "2024 Mary Thomson Cup (Division A)"]
[Site "Woodvale, Perth WA AUS"]
[Date "2024.02.28"]
[Round "5"]
[White "Curthoys, Edward"]
[Black "Wolstencroft, Alan"]
[Result "1/2-1/2"]
[ECO "B23"]
[WhiteElo "1906"]
[BlackElo "1900"]
[PlyCount "40"]
[EventDate "2024.01.31"]
[EventType "tourn"]
[EventRounds "7"]
[EventCountry "AUS"]
[TimeControl "3600+30"]

1. e4 c5 2. Nc3 Nc6 3. Bb5 g6 4. Bxc6 dxc6 5. d3 Bg7 6. Nge2 e5 7. h3 Be6 8.
Be3 b6 9. O-O Qc7 10. a4 Ne7 11. f4 O-O 12. Qe1 f6 13. g4 f5 14. Qg3 Kh8 15. g5
a5 16. h4 Bg8 17. Qh2 fxe4 18. dxe4 exf4 19. Bxf4 Qd7 20. Be5 Qe6 1/2-1/2

[Event "2024 Mary Thomson Cup (Division B)"]
[Site "Woodvale, Perth WA AUS"]
[Date "2024.02.28"]
[Round "5"]
[White "Balavignan, Ashvin"]
[Black "Deng, Eric"]
[Result "1-0"]
[ECO "D45"]
[WhiteElo "1839"]
[BlackElo "1733"]
[PlyCount "65"]
[EventDate "2024.01.31"]
[EventType "tourn"]
[EventRounds "7"]
[EventCountry "AUS"]
[TimeControl "3600+30"]

1. d4 Nf6 2. c4 e6 3. Nf3 d5 4. Nc3 c6 5. e3 Be7 6. Be2 dxc4 7. a4 O-O 8. Bxc4
Nbd7 9. O-O b6 10. e4 Bb7 11. e5 Nd5 12. Nxd5 exd5 13. Bb3 c5 14. Bc2 h6 15.
Qd3 f5 16. e6 Nb8 17. Re1 Qc8 18. Bf4 Na6 19. Qe3 Nb4 20. Bb1 Rf6 21. Nh4 cxd4
22. Qxd4 Rxe6 23. Bxf5 Rxe1+ 24. Rxe1 Qc5 25. Qxc5 Bxc5 26. Ng6 Bc6 27. b3 Rd8
28. Ne7+ Bxe7 29. Rxe7 a6 30. Be5 d4 31. Rxg7+ Kf8 32. Be6 d3 33. Bf6 1-0

[Event "2024 Mary Thomson Cup (Division B)"]
[Site "Woodvale, Perth WA AUS"]
[Date "2024.03.13"]
[Round "5"]
[White "Doshi, Chirag"]
[Black "Janceski, Alex"]
[Result "1-0"]
[ECO "B21"]
[WhiteElo "1836"]
[BlackElo "1887"]
[PlyCount "79"]
[EventDate "2024.01.31"]
[EventType "tourn"]
[EventRounds "7"]
[EventCountry "AUS"]
[TimeControl "3600+30"]

1. e4 c5 2. f4 d6 3. Bb5+ Bd7 4. Bxd7+ Nxd7 5. d3 Ngf6 6. Nf3 Qb6 7. O-O g6 8.
c3 Bg7 9. Kh1 O-O 10. Na3 Rac8 11. Nc4 Qc7 12. Ne3 e6 13. f5 d5 14. fxe6 fxe6
15. Ng5 Rce8 16. exd5 exd5 17. Bd2 b5 18. Qb3 Qc6 19. a4 a6 20. axb5 axb5 21.
d4 c4 22. Qd1 h6 23. Nf3 Ne4 24. Ng4 g5 25. Nf2 Nxf2+ 26. Rxf2 g4 27. Ne5 Bxe5
28. Rxf8+ Rxf8 29. dxe5 Nxe5 30. Qe2 Re8 31. Re1 Qf6 32. Rf1 Qg6 33. Qe3 Nd3
34. Qd4 Qe6 35. b4 h5 36. Kg1 Qe5 37. Qa7 Re7 38. Qa8+ Kh7 39. Qf8 Qe6 40. Rf6
1-0

[Event "2024 Mary Thomson Cup (Division B)"]
[Site "Woodvale, Perth WA AUS"]
[Date "2024.02.28"]
[Round "5"]
[White "Gough, Dylan"]
[Black "De Yaak, Peter"]
[Result "1-0"]
[ECO "A35"]
[WhiteElo "1784"]
[BlackElo "1897"]
[PlyCount "63"]
[EventDate "2024.01.31"]
[EventType "tourn"]
[EventRounds "7"]
[EventCountry "AUS"]
[TimeControl "3600+30"]

1. c4 c5 2. Nc3 e5 3. e3 Nc6 4. Nge2 Nf6 5. d4 cxd4 6. exd4 exd4 7. Nxd4 Be7 8.
Bf4 O-O 9. Ndb5 a6 10. Nd6 Qa5 11. Be2 Bxd6 12. Bxd6 Re8 13. O-O b6 14. Bf3 Bb7
15. b4 Qf5 16. Nd5 Nxd5 17. Bxd5 Nd8 18. Re1 Nc6 19. Qd2 Qg6 20. c5 b5 21.
Rxe8+ Rxe8 22. Re1 Rc8 23. Qe3 h6 24. h3 Qg5 25. Qf3 Qg6 26. Re4 h5 27. Rf4 Kh8
28. Rxf7 Re8 29. Rf8+ Rxf8 30. Qxf8+ Kh7 31. Qg8+ Kh6 32. Bf4+ 1-0

[Event "2024 Mary Thomson Cup (Division B)"]
[Site "Woodvale, Perth WA AUS"]
[Date "2024.02.28"]
[Round "5"]
[White "Roebuck, Derek"]
[Black "Leonhardt, Wolfgang"]
[Result "1/2-1/2"]
[ECO "B30"]
[WhiteElo "1781"]
[BlackElo "1900"]
[PlyCount "27"]
[EventDate "2024.01.31"]
[EventType "tourn"]
[EventRounds "7"]
[EventCountry "AUS"]
[TimeControl "3600+30"]

1. e4 c5 2. Nf3 Nc6 3. b4 e6 4. bxc5 Bxc5 5. d4 Bb4+ 6. c3 Be7 7. Bd3 d6 8. Na3
a6 9. O-O Nf6 10. Rb1 h6 11. Re1 O-O 12. Nc4 b5 13. Ne3 Qc7 14. Ba3 1/2-1/2

[Event "2024 Mary Thomson Cup (Division C)"]
[Site "Woodvale, Perth WA AUS"]
[Date "2024.02.28"]
[Round "5"]
[White "Browning, Thomas"]
[Black "Sethuraman, Jaswanth Ram"]
[Result "1-0"]
[ECO "D37"]
[WhiteElo "1644"]
[BlackElo "1557"]
[PlyCount "57"]
[EventDate "2024.01.31"]
[EventType "tourn"]
[EventRounds "7"]
[EventCountry "AUS"]
[TimeControl "3600+30"]

1. d4 d5 2. c4 e6 3. Nf3 Nf6 4. Nc3 b6 5. Bg5 Bb7 6. cxd5 exd5 7. e3 a6 8. Bd3
Nbd7 9. O-O Bb4 10. Ne2 c5 11. a3 Ba5 12. Rc1 Rc8 13. h3 c4 14. Bf5 b5 15. Bxf6
gxf6 16. Nh2 Bc7 17. Ng4 Bc6 18. Nh6 Qe7 19. Nf4 Qf8 20. Qh5 Qg7 21. Ne6 Qg6
22. Bxg6 hxg6 23. Nxc7+ Rxc7 24. Qh4 Nf8 25. Qg3 Re7 26. Ng4 f5 27. Qb8+ Kd7
28. Nf6+ Ke6 29. Qe5# 1-0

[Event "2024 Mary Thomson Cup (Division C)"]
[Site "Woodvale, Perth WA AUS"]
[Date "2024.02.28"]
[Round "5"]
[White "Akers, Gerard"]
[Black "Oswald, Franz"]
[Result "0-1"]
[ECO "B12"]
[WhiteElo "1643"]
[BlackElo "1693"]
[PlyCount "60"]
[EventDate "2024.01.31"]
[EventType "tourn"]
[EventRounds "7"]
[EventCountry "AUS"]
[TimeControl "3600+30"]

1. e4 c6 2. d4 d5 3. f3 e6 4. Bd3 c5 5. Bb5+ Nc6 6. exd5 Qxd5 7. Be3 cxd4 8.
Qxd4 Qxb5 9. Nc3 Nxd4 10. Nxb5 Nxb5 11. O-O-O Nf6 12. a4 Nc7 13. Bf4 Ncd5 14.
Be5 Be7 15. Ne2 O-O 16. g4 Nd7 17. Bg3 b6 18. Rhe1 Nc5 19. f4 Ne3 20. Rd4 Bf6
21. Rb4 Nd5 22. Rc4 Ba6 23. Rxc5 bxc5 24. g5 Be7 25. h4 Bxe2 26. Rxe2 Rfe8 27.
h5 Bd6 28. Re4 f5 29. Rc4 Rab8 30. c3 Ne3 0-1